 Dungeon Crawl Stone Soup version 0.30-a0-737-gf23d94013f (webtiles) character file.

Game seed: 2463289430233158540

362 Dittersdorf the Covered (level 6, -12/40 HPs)
             Began as a Gargoyle Fighter on Feb 1, 2023.
             Killed from afar by Ijyb (13 damage)
             ... with a bolt of acid
             ... on level 4 of the Dungeon.
             The game lasted 00:03:19 (2252 turns).

Dittersdorf the Covered (Gargoyle Fighter)          Turns: 2252, Time: 00:03:20

Health: -12/40     AC:  4    Str: 22    XL:     6   Next: 66%
Magic:  6/6        EV:  6    Int: 16    God:
Gold:   166        SH:  9    Dex: 12    Spells: 5/5 levels left

rFire   + + .      SeeInvis +    q - +9 whip "Imp's Nightmare" {flame, rF+ Will- Int+8 Dex+3}
rCold   . . .      Faith    .    w - +0 kite shield
rNeg    + . .      Spirit   .    e - +0 chain mail
rPois   ∞          Reflect  .    k - +0 helmet
rElec   +          Harm     .    a - +0 cloak
rCorr   .          Rampage  .    (no gloves)
Will    .....                    (no boots) Stlth
                                 (no amulet)
HPRegen 0.26/turn                m - ring of see invisible
MPRegen 0.10/turn                p - ring of protection from fire

@: corroded
A: sickness immunity, AC +4, negative energy resistance 1, electricity
resistance, torment resistance 1, petrification resistance
a: no special abilities


You were on level 4 of the Dungeon.
You visited 1 branch of the dungeon, and saw 4 of its levels.

You collected 166 gold pieces.

Inventory:

Hand Weapons
 q - the +9 whip "Imp's Nightmare" (weapon) {flame, rF+ Will- Int+8 Dex+3}
   (You found it on level 2 of the Dungeon)

   Int:       It affects your intelligence (+8).
   Dex:       It affects your dexterity (+3).
   rF:        It protects you from fire.
   Will:      It decreases your willpower.
 t - a +0 morningstar
Missiles
 n - 6 poisoned darts (quivered)
Armour
 a - a +0 cloak (worn)
 e - a +0 chain mail (worn)
 k - a +0 helmet (worn)
 u - a +0 plate armour
 w - a +0 kite shield (worn)
Jewellery
 m - a ring of see invisible (left hand)
 p - a ring of protection from fire (right hand)
Scrolls
 g - 3 scrolls of poison {unknown}
 h - 2 scrolls of teleportation {unknown}
 j - 2 scrolls of magic mapping {unknown}
 r - a scroll of blinking {unknown}
 v - a scroll of enchant armour {unknown}
Potions
 c - a potion of heal wounds {unknown}
 d - 2 potions of might
 i - 2 potions of curing {unknown}
 l - a potion of berserk rage
 o - 3 potions of brilliance
 s - 2 potions of haste


   Skills:
 + Level 4.9 Fighting
 + Level 3.7 Maces & Flails
 + Level 4.9 Armour
 + Level 4.8 Shields


You had 5 spell levels left.
You didn't know any spells.
Your spell library contained the following spells:

 Spells                   Type           Power      Damage    Failure   Level
 Kiss of Death            Conj/Necr      0%         2d5       99%         1
 Confusing Touch          Hex            0%         N/A       100%        3
 Dispel Undead            Necr           0%         3d6       100%        4
 Freezing Cloud           Conj/Ice/Air   0%         6-21      100%        5
 Simulacrum               Ice/Necr       0%         N/A       100%        6
 Polar Vortex             Ice            0%         N/A       100%        9


Dungeon Overview and Level Annotations

Branches:
Dungeon (4/15)
 Temple: D:4-7

Altars:

Annotations:
D:4 Ijyb


Innate Abilities, Weirdness & Mutations

You are immune to sickness and miasma.
Your stone body is resilient. (AC +4)
You are immune to poison.
You resist negative energy. (rN+)
You are resistant to electric shocks. (rElec)
You are resistant to unholy torment.
You are immune to petrification.


Message History

Ijyb zaps a wand.
The bolt of acid hits you. The acid corrodes you!
You are too injured to fight recklessly!
You are too injured to fight recklessly!
You are too injured to fight recklessly!
You are too injured to fight recklessly!
You are too injured to fight recklessly!
You are too injured to fight recklessly!
You are too injured to fight recklessly!
You are too injured to fight recklessly!
You are too injured to fight recklessly!
You are too injured to fight recklessly!
You are too injured to fight recklessly!
You are too injured to fight recklessly!
You are too injured to fight recklessly!
You are too injured to fight recklessly!
You are too injured to fight recklessly!
You are too injured to fight recklessly!
You are too injured to fight recklessly!
You are too injured to fight recklessly!
You are too injured to fight recklessly!
You are too injured to fight recklessly!
You block Ijyb's attack.
You hit Ijyb but do no damage. Ijyb hits you with a +0 dagger.
You hit Ijyb but do no damage.
Ijyb screams, "It's all mine!"
Ijyb hits you with a +0 dagger.
* * * LOW HITPOINT WARNING * * *
You hit Ijyb but do no damage. Ijyb hits you with a +0 dagger.
* * * LOW HITPOINT WARNING * * *
You closely miss Ijyb. Ijyb hits you with a +0 dagger.
* * * LOW HITPOINT WARNING * * *
You closely miss Ijyb. Ijyb hits you but does no damage.
You barely miss Ijyb. You block Ijyb's attack. x2
You hit Ijyb but do no damage. Ijyb hits you with a +0 dagger.
* * * LOW HITPOINT WARNING * * *
You closely miss Ijyb. Ijyb hits you with a +0 dagger.
* * * LOW HITPOINT WARNING * * *
You closely miss Ijyb. You block Ijyb's attack.
You hit Ijyb but do no damage.
Ijyb zaps a wand.
The bolt of acid hits you!
You die...

. . . ..######.
........# .# ###
........# ..# ...
........# ..#....
.......g#### #.#....
#####@.#.###.^...
#......#.....#
#.....†'.....#
#......#.....#
#......#.....#########
#......#..............
#......###..##..#.....#
####...###..##..#....##
.............#....#)


You could see Ijyb.

Vanquished Creatures
  A phantom (D:4)
  2 hounds (D:4)
  A jelly (D:4)
  An orc priest (D:3)
  Crazy Yiuf (D:3)
  An orc wizard (D:3)
  2 adders
  16 orcs (D:3)
  7 endoplasms
  4 giant cockroaches
  5 goblins
  5 hobgoblins
  7 jackals
  4 kobolds
  5 quokkas
  2 ball pythons (D:1)
  6 bats
  2 frilled lizards
  4 rats
76 creatures vanquished.

Vanquished Creatures (others)
  8 plants (D:4)
8 creatures vanquished.

Grand Total: 84 creatures vanquished

Notes
Turn   | Place    | Note
-------+----------+-------------------------------------------
     0 | D:1      | Dittersdorf the Gargoyle Fighter began the quest for the
                  | Orb.
     0 | D:1      | Reached XP level 1. HP: 14/14 MP: 1/1
   117 | D:1      | Reached XP level 2. HP: 19/19 MP: 2/2
   692 | D:2      | Reached XP level 3. HP: 22/23 MP: 3/3
   821 | D:2      | Identified the +9 whip "Imp's Nightmare" {flame, rF+ Will-
                  | Int+8 Dex+3}
  1087 | D:3      | Reached XP level 4. HP: 29/29 MP: 4/4
  1385 | D:3      | Reached XP level 5. HP: 33/33 MP: 5/5
  1597 | D:3      | Found a runed translucent door.
  1598 | D:3      | Noticed Crazy Yiuf
  1763 | D:3      | Killed Crazy Yiuf
  1961 | D:4      | Noticed a phantom
  1976 | D:4      | Killed a phantom
  1977 | D:4      | Reached XP level 6. HP: 38/39 MP: 6/6
  2237 | D:4      | Noticed Ijyb
  2250 | D:4      | HP: 1/40 [Ijyb/+0 dagger (3)]
  2252 | D:4      | Killed from afar by Ijyb

Illustrated notes

Levels and vault maps discovered:
D:1:      heliophobic_arrival_battle_scene, layout_basic
D:2:      layout_basic, serial_bayou_pond_a
D:3:      layout_rooms, uniq_crazy_yiuf_cottage
D:4:      wad_lake_hut, layout_gridville, lemuel_tele_altar,
          minmay_manual_monstrance, uniq_ijyb

Skill      XL: |  1  2  3  4 |
---------------+-------------+-----
Armour         | 4 |  4.9
Fighting       | 4 |  4.9
Shields        | 4 |  4.8
Maces & Flails | 3 |  3.7

Action                     |  1- 3 |  4- 6 || total
---------------------------+-------+-------++-------
  Melee: Flail             |    98 |       ||    98
         Whip              |     9 |   116 ||   125
    Use: Scroll            |       |     4 ||     4
 Armour: Scale mail        |    62 |    43 ||   105
         Chain mail        |       |     7 ||     7
  Dodge: Dodged            |    58 |    35 ||    93
  Block: Buckler           |    21 |    12 ||    33
         Kite shield       |       |    28 ||    28

Table legend: (Time is in decaauts)
 A = Elapsed time spent in this place.
 B = Non-inter-level travel time spent in this place.
 C = Inter-level travel time spent in this place.
 D = Time resting spent in this place.
 E = Time spent auto-exploring this place.
 F = Levels seen in this place.
 G = Mean time per level.
                   A        B        C        D        E       F      G
               +--------+--------+--------+--------+--------+-----+--------+
         Total |   2288 |   2186 |    102 |     66 |   1546 |   4 |  572.0 |
       Dungeon |   2288 |   2186 |    102 |     66 |   1546 |   4 |  572.0 |
               +--------+--------+--------+--------+--------+-----+--------+

Top non-repeatable levels by time:
     D:3: 757 daAuts
     D:1: 567 daAuts
     D:2: 536 daAuts
     D:4: 426 daAuts
